 Dungeon Crawl Stone Soup version 0.30-a0-329-g85436e0a43 (webtiles) character file.

Game seed: 15212294146785967866

22082 KennySheep the Destroyer (level 12, -1/84 (94) HPs)
             Began as a Demigod Conjurer on Oct 28, 2022.
             Slain by a spectral orc knight
             ... wielding a +0 great mace
             ... summoned by Nergalle
              (6 damage)
             ... on level 3 of the Lair of Beasts.
             The game lasted 00:55:23 (13824 turns).

KennySheep the Destroyer (Demigod Conjurer)        Turns: 13824, Time: 00:55:24

HP:   -1/84 (94)    AC: 10    Str:  8    XL:     12   Next: 28%
MP:   4/35          EV: 13    Int: 36    God:
Gold: 301           SH:  4    Dex: 18    Spells: 5/25 levels left

rFire   . . .      SeeInvis .    d - staff of cold
rCold   + . .      Faith    .    J - +0 buckler
rNeg    . . .      Spirit   .    G - +1 acid dragon scales
rPois   .          Reflect  .    b - +2 hat
rElec   .          Harm     .    (no cloak)
rCorr   +          Rampage  .    f - +0 pair of gloves
Will    +....                    (no boots)
Stlth   ++........               (no amulet)
HPRegen 0.34/turn                h - +6 ring of dexterity
MPRegen 0.24/turn                n - ring of magical power

@: heavily drained
A: high MP 1, forlorn, divine attributes
a: no special abilities


You were on level 3 of the Lair of Beasts.
You visited 2 branches of the dungeon, and saw 12 of its levels.

You collected 721 gold pieces.
You spent 420 gold pieces at shops.

Inventory:

Hand Weapons
 K - the +12 glaive of Prune {vorpal}
   (You found it on level 3 of the Lair of Beasts)

   It inflicts extra damage upon your enemies.
   It halves damage taken while paralysed, petrified or unconscious.
Missiles
 t - a throwing net
Armour
 b - a +2 hat (worn)
 f - a +0 pair of gloves (worn)
 G - +1 acid dragon scales (worn)
 J - a +0 buckler (worn)
Magical Staves
 d - a staff of cold (weapon)
Jewellery
 c - a ring of protection from cold
 h - a +6 ring of dexterity (left hand)
 j - a +4 ring of slaying
 n - a ring of magical power (right hand)
 C - a ring of see invisible
Wands
 a - a wand of roots (5)
 r - a wand of polymorph (10)
 F - a wand of charming (2)
 I - a wand of digging (3)
Scrolls
 e - a scroll of silence
 k - 7 scrolls of teleportation
 m - a scroll of fear
 p - 3 scrolls of brand weapon
 s - a scroll of summoning
 u - 4 scrolls of enchant weapon
 w - a scroll of amnesia
 x - a scroll of butterflies
 y - 2 scrolls of magic mapping
 D - 2 scrolls of identify
 H - a scroll of poison
Potions
 g - 4 potions of curing
 i - 3 potions of resistance
 l - 2 potions of might
 o - 2 potions of invisibility
 q - 3 potions of heal wounds
 z - a potion of berserk rage
 A - 2 potions of lignification
 B - 2 potions of brilliance
 E - a potion of cancellation
Miscellaneous
 v - a condenser vane


   Skills:
 + Level 5.0 Fighting
 + Level 5.1 Staves
 + Level 5.6 Dodging
 - Level 2.0 Stealth
 + Level 7.0 Spellcasting
 * Level 11.1 Conjurations
 - Level 7.1 Translocations
 * Level 7.4 Ice Magic
 + Level 5.3 Evocations


You had 5 spell levels left.
You knew the following spells:

 Your Spells              Type           Power      Damage    Failure   Level
a - Magic Dart            Conj           100%       1d8       1%          1
b - Searing Ray           Conj           100%       2d8       1%          2
c - Iskenderun's Mystic   Conj/Tloc      68%        2d14      1%          4
d - Blink                 Tloc           100%       N/A       1%          2
e - Passage of Golubria   Tloc           59%        N/A       4%          4
f - Frozen Ramparts       Ice            100%       1d16      1%          3
g - Freeze                Ice            100%       1d10      1%          1
z - Hailstorm             Conj/Ice       88%        3d18      1%          3

Your spell library contained the following spells:

 Spells                   Type           Power      Damage    Failure   Level
 Apportation              Tloc           100%       N/A       1%          1
 Kiss of Death            Conj/Necr      100%       2d13      1%          1
 Momentum Strike          Conj/Tloc      100%       3d10      1%          2
 Lesser Beckoning         Tloc           100%       N/A       1%          3
 Teleport Other           Tloc           59%        N/A       1%          3
 Ensorcelled Hibernation  Hex/Ice        100%       N/A       2%          2
 Dazzling Flash           Conj/Hex       100%       N/A       2%          3
 Portal Projectile        Hex/Tloc       76%        N/A       5%          3
 Flame Wave               Conj/Fire      51%        2d13      8%          4
 Fulminant Prism          Conj/Hex       25%        3d14      8%          4
 Scorch                   Fire           24%        2d6       12%         2
 Confusing Touch          Hex            12%        N/A       22%         3
 Inner Flame              Hex/Fire       12%        N/A       22%         3
 Cause Fear               Hex            6%         N/A       58%         4
 Dispel Undead            Necr           12%        3d9       58%         4
 Alistair's Intoxication  Tmut/Pois      8%         N/A       91%         5
 Summon Cactus Giant      Summ           6%         N/A       100%        6
 Discord                  Hex            6%         N/A       100%        8


Dungeon Overview and Level Annotations

Branches:
Dungeon (9/15)             Temple (0/1) D:7            Lair (3/5) D:8
 Spider (0/4) Lair:3
  Swamp: Lair:2-3    Shoals: Lair:2-3       Orc: D:9-12

Shops:
D:1 (   D:7 !

Annotations:
D:4 2 transporters
Lair:3 Nergalle


Innate Abilities, Weirdness & Mutations

You have an increased reservoir of magic. (+10% MP)
You shall have no god before yourself.
Your divine heritage dramatically boosts your attributes as you level up.


Message History

Nergalle casts a spell at the spectral orc knight.
The spectral orc knight seems to speed up.
You barely miss the spectral orc knight.
The spectral orc knight is moderately damaged.
The spectral orc knight resists.
The wall freezes the spectral orc knight.
The spectral orc knight hits you with a +0 great mace!
You feel drained.
The spectral orc knight resists.
The wall freezes the spectral orc knight.
You block the spectral orc knight's attack.
Okay, then.
Your frozen ramparts will break if you move.
Continue?
The frozen ramparts melt away as you move.
The spectral orc knight attacks as you move away!
The spectral orc knight barely misses you.
Nergalle gestures at you while chanting.
Orcish apparitions take form around you.
The spectral orc knight hits you with a +0 great mace.
Your magical contamination has completely faded away.
There is an open door here.
You hit the spectral orc knight. You freeze the spectral orc knight.
The spectral orc knight is heavily damaged.
The spectral orc knight barely misses you.
Nergalle points at you and mumbles some strange words.
The bolt of negative energy hits the spectral orc knight.
The spectral orc knight completely resists.
The bolt of negative energy hits you!!
You feel drained.
The bolt of negative energy hits the spectral orc warrior.
The spectral orc warrior completely resists.
The spectral orc warrior hits you with a +0 scimitar!
Casting: Iskenderun's Mystic Blast (dangerous; 1% risk of failure)
Confirm with . or Enter, or press ? or * to list all spells.
Okay, then.
Nergalle gestures at you while chanting.
The bolt of negative energy hits the spectral orc knight.
The spectral orc knight completely resists.
The bolt of negative energy hits you!!
You feel drained.
* * * LOW HITPOINT WARNING * * *
The spectral orc knight hits you with a +0 great mace.
You die...

##.......#.†.†......#
#...........÷÷...⌠.....
#P.............>.......
##.#.##....†.⌠...⌠.... .
#..####.............##..
.#.## ##.....#.........#
....####†....#.#......#
........##.....Z......#
#..#..#....##.ZZ@.###
########..P####Z### ###
##..## ##.#
#.#####...####..#
#....##........o.......
....)..................
######.######.###.##.#.
### ### ## #


You could see Nergalle, 2 spectral orc warriors and 2 spectral orc knights.

Vanquished Creatures
  Gastronok (Lair:1)
  Fannar (Lair:1)
  A two-headed ogre (D:5)
  Amaemon (Lair:1)
  15 elephants
  3 black mambas
  5 cane toads
  An orange demon (Lair:1)
  An unseen horror (D:5)
  2 komodo dragons
  3 rime drakes
  A polar bear (Lair:1)
  10 blink frogs
  The ghost of quakins the Covert, an amateur KoBr of Wu Jian (D:5)
  A shadow (D:9)
  2 basilisks
  21 yaks
  Eustachio (D:4)
  4 water moccasins
  An acid dragon (D:8)
  An ice beast (D:5)
  2 sky beasts
  2 black bears
  12 wolves
  A centaur (D:5)
  2 phantoms
  5 kobold brigands
  A necrophage (D:6)
  A gnoll sergeant (D:8)
  5 scorpions
  8 bullfrogs
  4 wights (D:8)
  A howler monkey (D:5)
  A crimson imp (D:5)
  3 hounds
  4 jellies
  2 iguanas
  Jessica (D:2)
  Natasha (D:2)
  3 orc wizards (D:6)
  Robin (D:3)
  3 adders
  11 gnolls
  A shadow imp (D:6)
  5 white imps
  3 worms
  4 dart slugs
  26 orcs
  5 ball pythons
  7 endoplasms
  3 giant cockroaches
  5 hobgoblins
  7 jackals
  3 quokkas
  6 bats
  5 frilled lizards
  15 goblins
  24 kobolds
  6 rats
276 creatures vanquished.

Vanquished Creatures (others)
  17 fungi
  9 plants
26 creatures vanquished.

Grand Total: 302 creatures vanquished

Notes
Turn   | Place    | Note
-------+----------+-------------------------------------------
     0 | D:1      | KennySheep the Demigod Conjurer began the quest for the
                  | Orb.
     0 | D:1      | Reached XP level 1. HP: 14/14 MP: 5/5
   316 | D:1      | Reached XP level 2. HP: 20/20 MP: 2/7
  1004 | D:1      | Found Jecwij's Antique Weapon Shop.
  1172 | D:2      | Reached skill level 4 in Conjurations
  1388 | D:2      | Reached XP level 3. HP: 26/26 MP: 4/8
  1394 | D:2      | Reached skill level 1 in Translocations
  2040 | D:2      | Noticed Jessica
  2045 | D:2      | Killed Jessica
  2046 | D:2      | Reached XP level 4. HP: 33/33 MP: 4/10
  2161 | D:2      | Noticed Natasha
  2167 | D:2      | Killed Natasha
  2314 | D:2      | Learned a level 2 spell: Searing Ray
  2319 | D:2      | Learned a level 4 spell: Iskenderun's Mystic Blast
  2690 | D:3      | Noticed Robin
  2709 | D:3      | Killed Robin
  2801 | D:3      | Reached XP level 5. HP: 38/38 MP: 11/11
  3294 | D:4      | Found a transporter.
  3301 | D:4      | Found a transporter.
  3489 | D:4      | Reached skill level 5 in Conjurations
  3549 | D:4      | Got the Collected Works on Frostbitten Peregrination
  3640 | D:4      | Reached XP level 6. HP: 35/45 MP: 13/13
  3770 | D:4      | Noticed Eustachio
  3781 | D:4      | Killed Eustachio
  4338 | D:5      | Entered Level 5 of the Dungeon
  4494 | D:5      | Reached XP level 7. HP: 50/50 MP: 15/15
  4841 | D:5      | Found a runed translucent door.
  4842 | D:5      | Noticed quakins's ghost (amateur KoBr)
  4843 | D:5      | Noticed a two-headed ogre
  4955 | D:5      | Reached skill level 6 in Conjurations
  5178 | D:5      | Killed an unseen horror
  5280 | D:5      | Reached skill level 5 in Translocations
  5377 | D:5      | Reached XP level 8. HP: 50/57 MP: 17/17
  5434 | D:5      | Reached skill level 7 in Conjurations
  5858 | D:5      | Killed quakins's ghost
  5922 | D:5      | Killed a two-headed ogre
  6228 | D:6      | Reached skill level 8 in Conjurations
  6390 | D:6      | Reached XP level 9. HP: 58/62 MP: 17/20
  6510 | D:6      | Learned a level 2 spell: Blink
  6513 | D:6      | Reached skill level 1 in Evocations
  6524 | D:6      | Reached skill level 5 in Spellcasting
  6714 | D:6      | Learned a level 3 spell: Hailstorm
  6718 | D:6      | Learned a level 3 spell: Frozen Ramparts
  6792 | D:6      | Learned a level 1 spell: Freeze
  7250 | D:7      | Identified the +3 falchion of Famine {vorpal, rC+}
  7343 | D:7      | Reached skill level 1 in Ice Magic
  7416 | D:7      | Reached skill level 1 in Staves
  7642 | D:7      | Found Jaeskig's Distillery.
  7671 | D:7      | Bought a potion of brilliance for 56 gold pieces
  7671 | D:7      | Bought a potion of heal wounds for 70 gold pieces
  7671 | D:7      | Bought a potion of resistance for 140 gold pieces
  7671 | D:7      | Bought a potion of ambrosia for 112 gold pieces
  7671 | D:7      | Bought a potion of lignification for 42 gold pieces
  7715 | D:7      | Found a staircase to the Ecumenical Temple.
  8040 | D:8      | Reached skill level 1 in Fighting
  8773 | D:8      | Reached XP level 10. HP: 43/73 MP: 19/22
  8776 | D:8      | Reached skill level 9 in Conjurations
  8920 | D:8      | Learned a level 4 spell: Passage of Golubria
  8977 | D:8      | Found a staircase to the Lair.
  9511 | Lair:1   | Entered Level 1 of the Lair of Beasts
 10111 | Lair:1   | Noticed Fannar
 10118 | Lair:1   | Killed Fannar
 10211 | Lair:1   | Noticed an elephant
 10212 | Lair:1   | Noticed an elephant
 10212 | Lair:1   | Noticed an elephant
 10212 | Lair:1   | Noticed an elephant
 10261 | Lair:1   | Killed an elephant
 10461 | Lair:1   | Killed an elephant
 10606 | Lair:1   | Noticed an elephant
 10606 | Lair:1   | Noticed an elephant
 10606 | Lair:1   | Noticed an elephant
 10608 | Lair:1   | Noticed an elephant
 10610 | Lair:1   | Noticed an elephant
 10631 | Lair:1   | Killed an elephant
 10632 | Lair:1   | Reached skill level 5 in Ice Magic
 10636 | Lair:1   | Killed an elephant
 10636 | Lair:1   | Killed an elephant
 10636 | Lair:1   | Killed an elephant
 10637 | Lair:1   | Reached XP level 11. HP: 57/82 MP: 21/24
 10640 | Lair:1   | Reached skill level 10 in Conjurations
 10785 | Lair:1   | Noticed Amaemon
 10793 | Lair:1   | Killed Amaemon
 11201 | Lair:1   | Noticed Gastronok
 11211 | Lair:1   | Killed Gastronok
 11212 | Lair:1   | Reached skill level 5 in Dodging
 11943 | Lair:1   | Upgraded the game from 0.30-a0-322-g102857c98e to
                  | 0.30-a0-329-g85436e0a43
 13310 | Lair:3   | Reached XP level 12. HP: 80/92 MP: 23/26
 13315 | Lair:3   | Reached skill level 5 in Evocations
 13501 | Lair:3   | Found a hole to the Spider Nest.
 13549 | Lair:3   | Found the +12 glaive of Prune {vorpal}
 13601 | Lair:3   | Reached skill level 5 in Staves
 13603 | Lair:3   | Reached skill level 11 in Conjurations
 13642 | Lair:3   | Reached skill level 5 in Fighting
 13804 | Lair:3   | Noticed Nergalle
 13824 | Lair:3   | Slain by a spectral orc knight

Illustrated notes

Levels and vault maps discovered:
D:1:      wander_arrival_estate, layout_basic, serial_shops, shop
D:2:      layout_rooms, basic_altar, uniq_natasha, uniq_jessica
D:3:      layout_loops_ring, shapermc_ecumenical_altar_pompeii, uniq_robin
D:4:      layout_basic, gammafunk_temple_overflow_arena, kennysheep_dice,
          uniq_eustachio
D:5:      kennysheep_windowed_halls, layout_basic, ebering_ghost_inner_flame,
          serial_curves, eino_curves_04, eino_curves_04, eino_curves_03,
          minmay_fire_ice_demons
D:6:      layout_loops_ring
D:7:      layout_cave_pools, amcnicky_altar_gilded,
          minmay_temple_entry_nine_rooms, serial_shops, shop
D:8:      nicolae_cairo_tiling_large, layout_loops_ring, lemuel_doored_altar,
          lair_entry_dummy
D:9:      layout_grid_maze
Lair:1:   layout_layer_cave, chequers_serial_rivers_micro_a,
          beast_lair_carwin_2, uniq_amaemon, uniq_fannar, uniq_gastronok
Lair:2:   layout_cave_pods, st_stairs_5
Lair:3:   layout_chaotic_city, swamp_mist, spider_nest_entry_a,
          serial_bayou_shore_b, grunt_megastairs_2, uniq_nergalle

Skill      XL: |  1  2  3  4  5  6  7  8  9 10 11 12 |
---------------+-------------------------------------+-----
Stealth        | 2 |  2.0
Dodging        | 2 3 4 5 |  5.6
Spellcasting   | 2 3 4 5 6 7 |  7.0
Conjurations   | 4 5 6 8 9 10 11 | 11.1
Translocations | 1 2 3 4 5 6 7 |  7.1
Evocations     | 2 3 4 5 |  5.3
Ice Magic      | 3 5 6 7 |  7.4
Staves         | 2 3 4 5 |  5.1
Fighting       | 2 3 4 5 |  5.0

Action                   |  1- 3 |  4- 6 |  7- 9 | 10-12 || total
-------------------------+-------+-------+-------+-------++-------
Melee: Unarmed           |     7 |       |       |       ||     7
       Staff             |       |     5 |    22 |    38 ||    65
 Cast: Magic Dart        |   101 |    69 |    54 |     5 ||   229
       Searing Ray       |       |    15 |    20 |     2 ||    37
       Iskenderun's Myst |       |     1 |    46 |   133 ||   180
       Hailstorm         |       |       |    14 |    16 ||    30
       Freeze            |       |       |    13 |       ||    13
       Frozen Ramparts   |       |       |     8 |     9 ||    17
Evoke: Condenser vane    |       |       |     1 |       ||     1
  Use: Potion            |     1 |     1 |     1 |     2 ||     5
       Scroll            |       |     3 |     7 |     5 ||    15
Armor: Robe              |     1 |     9 |    28 |       ||    38
       Acid dragon scale |       |       |     8 |    53 ||    61
Dodge: Dodged            |     4 |    26 |    53 |    80 ||   163
Block: Buckler           |       |       |       |    21 ||    21

Table legend: (Time is in decaauts)
 A = Elapsed time spent in this place.
 B = Non-inter-level travel time spent in this place.
 C = Inter-level travel time spent in this place.
 D = Time resting spent in this place.
 E = Time spent auto-exploring this place.
 F = Levels seen in this place.
 G = Mean time per level.
                   A        B        C        D        E       F      G
               +--------+--------+--------+--------+--------+-----+--------+
         Total |  13837 |  13542 |    295 |   3261 |   8386 |  12 | 1153.1 |
       Dungeon |   9697 |   9429 |    268 |   2326 |   5810 |   9 | 1077.4 |
          Lair |   4139 |   4112 |     27 |    935 |   2576 |   3 | 1379.7 |
               +--------+--------+--------+--------+--------+-----+--------+

Top non-repeatable levels by time:
  Lair:1: 2284 daAuts
     D:5: 2001 daAuts
     D:8: 1502 daAuts
     D:1: 1462 daAuts
  Lair:2: 1197 daAuts
     D:4: 1047 daAuts
     D:3: 936 daAuts
     D:6: 911 daAuts
     D:2: 889 daAuts
     D:7: 734 daAuts
  Lair:3: 657 daAuts
     D:9: 211 daAuts
